 Dungeon Crawl Stone Soup version 0.26-a0-774-g1415c89e12 (webtiles) character file.

Game seed: 12784108158445285654

1127 ANON1729 the Magician (level 8, -7/61 HPs)
             Began as a Mummy Chaos Knight on Nov 9, 2020.
             Was a Plaything of Xom.
             Mangled by Dowan
             ... wielding a +1 dagger of electrocution
              (8 damage)
             ... on level 6 of the Dungeon.
             The game lasted 00:08:06 (4172 turns).

ANON1729 the Magician (Mummy Chaos Knight)          Turns: 4172, Time: 00:08:07

Health: -7/61      AC: 10    Str: 15      XL:     8   Next: 13%
Magic:  17/17      EV: 12    Int: 11 (13) God:    Xom [..*...]
Gold:   287        SH:  0    Dex: 13 (14) Spells: 19/19 levels left

rFire    . . .     SeeInvis .   a - +1 spear (chaos)
rCold    + . .     Faith    +   (no shield)
rNeg     + + +     Spirit   .   n - +4 ring mail of Virtue {Rampage rCorr Dex+2}
rPois    ∞         Reflect  .   (no helmet)
rElec    .         Harm     .   f - +0 cloak
rCorr    +         Rampage  +   (no gloves)
MR       +....                  (no boots)
Stlth    +.........             q - amulet of faith
HPRegen  0.20/turn              s - ring of protection from fire
MPRegen  0.15/turn              (no ring)

@: no status effects
A: no potions, fire vulnerability, cold resistance 1, negative energy resistance
3, torment resistance, unbreathing
a: Renounce Religion


You were on level 6 of the Dungeon.
You worshipped Xom.
You were a toy of Xom.
You visited 1 branch of the dungeon, and saw 6 of its levels.

You collected 287 gold pieces.

Inventory:

Hand Weapons
 a - a +1 spear of chaos (weapon)
 o - a +4 war axe
Missiles
 h - 3 datura-tipped darts (quivered)
 r - a silver javelin
Armour
 b - a +3 leather armour
 f - a +0 cloak (worn)
 n - the +4 ring mail of Virtue (worn) {Rampage rCorr Dex+2}
   (Xom gifted it to you on level 3 of the Dungeon)

   It affects your dexterity (+2).
   It provides partial protection from all sources of acid and corrosion.
   It bestows one free step when moving towards enemies.
Jewellery
 j - an uncursed ring of ice
 q - an amulet of faith (around neck)
 s - a ring of protection from fire (left hand)
Wands
 c - a wand of acid (12)
 e - a wand of iceblast (4)
 g - a wand of disintegration (23)
 u - a wand of digging (4)
 v - a wand of flame (17)
 x - a wand of random effects (24)
Scrolls
 i - 3 scrolls of fog
 k - a scroll of enchant armour
 l - a scroll of enchant weapon
 m - a scroll of magic mapping


   Skills:
 + Level 4.9 Fighting
 + Level 4.0 Polearms
 + Level 3.5 Armour
 + Level 3.3 Dodging
 * Level 6.3 Spellcasting


You had 19 spell levels left.
You didn't know any spells.
Your spell library was empty.

Dungeon Overview and Level Annotations

Branches:
Dungeon (6/15)
 Temple: D:4-7

Altars:
Hepliaklqana
Uskayaw
Wu Jian
Xom
Yredelemnul

Annotations:
D:2 1 runed translucent door
D:6 Dowan


Innate Abilities, Weirdness & Mutations

You do not drink.
Your flesh is vulnerable to fire.
You are immune to poison.
Your flesh is cold resistant. (rC+)
You are immune to negative energy. (rN+++)
You are immune to unholy pain and torment.
You can survive without breathing.


Message History

Dowan casts a spell at you. The shard of ice hits you! You partially resist.
* * * LOW HITPOINT WARNING * * *
You can't drink.
As you read the scroll of fear, it crumbles to dust.
You assume a fearsome visage.
Dowan easily resists.
Dowan gestures wildly while chanting.
Dowan blinks!
You can't drink.
Unknown command.
Okay, then.
Attack whom?
Press: ? - help, Dir - move target cursor, f - you, p - Dowan
Okay, then.
You rampage towards Dowan!
Dowan hits you with a +1 dagger of electrocution.
* * * LOW HITPOINT WARNING * * *
You are electrocuted!
You die...
Xom bursts into laughter!

..### #
.....
..########
...._
.........###
.....
.......e...#
...#.
.........#)#
...#
.........#.#
...#
.........#.#
...
.........#e#
.........#@#
##########.#
#.# #.# ..#
####


You could see Dowan (fast).

Vanquished Creatures
  Pikel (D:4)
  An ice beast (D:5)
  A lemure (D:4)
  A scorpion (D:4)
  3 orc wizards
  2 hounds
  Natasha (thrice) (D:4)
  A worker ant (D:4)
  A hound zombie (D:5)
  3 adders
  4 worms
  A dart slug (D:2)
  4 leopard geckos
  13 orcs
  4 ball pythons
  4 giant cockroaches
  8 hobgoblins
  3 jackals (D:3)
  A quokka (D:2)
  6 bats
  5 frilled lizards
  9 goblins
  7 kobolds
  A quokka skeleton (D:5)
  23 rats
110 creatures vanquished.

Vanquished Creatures (collateral kills)
  2 ogres (D:4)
  An orc priest (D:6)
  An orc wizard (D:6)
  An adder (D:4)
  An orc (D:4)
  2 jackals (D:4)
  A ball python (D:4)
9 creatures vanquished.

Vanquished Creatures (others)
  A rat (D:3)
1 creature vanquished.

Grand Total: 120 creatures vanquished

Notes
Turn   | Place    | Note
-------+----------+-------------------------------------------
     0 | D:1      | ANON1729 the Mummy Chaos Knight began the quest for the
                  | Orb.
     0 | D:1      | Reached XP level 1. HP: 18/18 MP: 1/1
    36 | D:1      | XOM: divination: detect items
    96 | D:1      | Reached skill level 1 in Dodging
   104 | D:1      | Reached XP level 2. HP: 14/24 MP: 2/2
   116 | D:1      | XOM: divination: detect creatures
   487 | D:1      | XOM: 5-stop teleportation journey
   497 | D:1      | XOM: god gift: puce potion {god gift}
   797 | D:1      | XOM: scenery: summon butterflies
   812 | D:1      | Reached XP level 3. HP: 28/29 MP: 3/3
   884 | D:2      | XOM: confuse monster(s)
  1025 | D:2      | XOM: god gift: 3 datura-tipped darts
  1259 | D:2      | XOM: divination: detect items
  1348 | D:2      | Found a runed translucent door.
  1348 | D:2      | Noticed a human
  1350 | D:2      | Found a basalt altar of Yredelemnul.
  1444 | D:2      | Reached skill level 1 in Spellcasting
  1746 | D:3      | XOM: god gift: distressingly furry ring mail {god gift}
  1747 | D:3      | Got a distressingly furry ring mail {god gift}
  1758 | D:3      | Identified the +4 ring mail of Virtue {Rampage rCorr Dex+2}
                  | (Xom gifted it to you on level 3 of the Dungeon)
  1779 | D:3      | Reached XP level 4. HP: 35/35 MP: 4/6
  1810 | D:3      | XOM: polymorph orc -> kobold
  1872 | D:3      | Reached skill level 2 in Spellcasting
  1956 | D:3      | XOM: god gift: tiny blue amulet {god gift}
  2014 | D:3      | Found a shimmering altar of Xom.
  2119 | D:3      | XOM: summons 2 hostile shadow creatures
  2169 | D:3      | Found a hazy altar of Hepliaklqana.
  2252 | D:3      | XOM: divination: magic mapping
  2289 | D:3      | Noticed a shapeshifter
  2289 | D:3      | a rat changed into a shapeshifter
  2289 | D:3      | Noticed an orb spider
  2289 | D:3      | a shapeshifter changed into an orb spider
  2301 | D:3      | XOM: summons friendly ufetubus
  2307 | D:3      | XOM: cast spell 'Disjunction'
  2307 | D:3      | Noticed a black mamba
  2307 | D:3      | an orb spider changed into a black mamba
  2313 | D:3      | XOM: snakes to sticks
  2717 | D:4      | Noticed an ogre
  2764 | D:4      | Killed an ogre
  2764 | D:4      | Reached XP level 5. HP: 42/42 MP: 7/9
  2804 | D:4      | Noticed an ogre
  2809 | D:4      | Killed an ogre
  2809 | D:4      | Reached skill level 3 in Spellcasting
  2863 | D:4      | Reached XP level 6. HP: 48/48 MP: 9/11
  2904 | D:4      | XOM: polymorph howler monkey -> scorpion
  2905 | D:4      | XOM: potion effect (might)
  2961 | D:4      | Noticed Natasha
  2970 | D:4      | Killed Natasha
  2991 | D:4      | Noticed Natasha
  2997 | D:4      | Killed Natasha
  3019 | D:4      | Noticed Natasha
  3021 | D:4      | XOM: confuse monster(s)
  3029 | D:4      | Killed Natasha
  3029 | D:4      | Reached skill level 4 in Spellcasting
  3257 | D:4      | XOM: confusion (+ monsters)
  3342 | D:4      | Found an ornate altar of the Wu Jian Council.
  3466 | D:5      | Entered Level 5 of the Dungeon
  3467 | D:5      | Noticed Pikel
  3471 | D:5      | Noticed an ice beast
  3474 | D:5      | XOM: summons 6 friendly demons
  3485 | D:4      | XOM: repel stairs
  3491 | D:4      | XOM: fog
  3501 | D:4      | XOM: divination: detect items
  3515 | D:4      | Killed Pikel
  3515 | D:4      | Reached skill level 5 in Spellcasting
  3515 | D:4      | Reached XP level 7. HP: 25/55 MP: 12/15
  3660 | D:4      | XOM: summons 3 hostile shadow creatures
  3675 | D:4      | XOM: summons 2 hostile shadow creatures
  3994 | D:5      | Reached skill level 6 in Spellcasting
  3994 | D:5      | Reached XP level 8. HP: 38/61 MP: 15/17
  4090 | D:5      | XOM: summons 5 hostile demons
  4091 | D:5      | Noticed a rust devil
  4124 | D:6      | Noticed a +0 hand axe
  4125 | D:6      | Found a hide-covered altar of Uskayaw.
  4125 | D:6      | Noticed a +0 dagger
  4136 | D:6      | XOM: blink monster(s)
  4151 | D:6      | XOM: 3-stop teleportation journey
  4154 | D:6      | XOM: 1-stop teleportation journey
  4155 | D:6      | Noticed Duvessa
  4155 | D:6      | Noticed Dowan
  4160 | D:6      | XOM: noise
  4161 | D:6      | Noticed Duvessa
  4161 | D:6      | Duvessa changed into Duvessa the hound
  4161 | D:6      | XOM: polymorph Duvessa -> Duvessa the hound
  4167 | D:6      | Killed Duvessa the hound
  4168 | D:6      | HP: 1/61 [Dowan/shard of ice (14)]
  4172 | D:6      | Mangled by Dowan

Illustrated notes

Levels and vault maps discovered:
D:1:      dpeg_arrival_subterranean_lakeside_camping, layout_rooms
D:2:      layout_loops_cross, hangedman_decor_diamond_cutter,
          dk_yredelemnul_ordeal
D:3:      layout_loops_ring, lemuel_coloured_pillars_altar, lemuel_round_altar,
          minmay_rat_hole
D:4:      layout_cave_pools, lemuel_crystal_altar, due_unseen_surprise,
          uniq_natasha
D:5:      layout_cave_pools, lemuel_round_altar, fedhas_altar_4, uniq_sigmund,
          uniq_edmund, uniq_pikel
D:6:      layout_basic, dancing_weapons_uskayaw,
          minmay_temple_entry_gardened_gates, serial_shops, nicolae_shop_trees,
          trog_hazing_becter, uniq_maggie, uniq_duvessa, uniq_grinder

Skill      XL: |  1  2  3  4  5  6  7 |
---------------+----------------------+-----
Dodging        | 1 2 3 |  3.3
Armour         | 2 3 |  3.5
Spellcasting   | 1 2 3 5 6 |  6.3
Polearms       | 3 4 |  4.0
Fighting       | 4 |  4.9

Action                   |  1- 3 |  4- 6 |  7- 9 || total
-------------------------+-------+-------+-------++-------
Melee: Spear             |   182 |   226 |    87 ||   495
Evoke: Wand              |       |       |     1 ||     1
  Use: Scroll            |       |       |     9 ||     9
 Stab: Sleeping          |     2 |       |       ||     2
       Confused          |     1 |     1 |       ||     2
       Paralysed         |     1 |       |       ||     1
       Petrified         |       |     1 |     1 ||     2
       Petrifying        |       |       |     1 ||     1
Armor: Leather armour    |    50 |       |       ||    50
       Ring mail         |     3 |    68 |    39 ||   110
Dodge: Dodged            |    88 |   113 |    77 ||   278

Table legend: (Time is in decaauts)
 A = Elapsed time spent in this place.
 B = Non-inter-level travel time spent in this place.
 C = Inter-level travel time spent in this place.
 D = Time resting spent in this place.
 E = Time spent auto-exploring this place.
 F = Levels seen in this place.
 G = Mean time per level.
                   A        B        C        D        E       F      G
               +--------+--------+--------+--------+--------+-----+--------+
         Total |   4151 |   4058 |     93 |    359 |   2750 |   6 |  691.8 |
       Dungeon |   4151 |   4058 |     93 |    359 |   2750 |   6 |  691.8 |
               +--------+--------+--------+--------+--------+-----+--------+

Top non-repeatable levels by time:
     D:3: 1170 daAuts
     D:4: 1117 daAuts
     D:1: 846 daAuts
     D:2: 727 daAuts
     D:5: 239 daAuts
     D:6: 51 daAuts
